 Dungeon Crawl Stone Soup version 0.29-a0-91-gdebf4667c2 (webtiles) character file.

Game seed: 1088669234452905241

2507 lordive the Destroyer (level 9, -1/52 HPs)
             Began as a Gargoyle Conjurer on Feb 7, 2022.
             Was an Initiate of Vehumet.
             Slain by a komodo dragon (21 damage)
             ... on level 8 of the Dungeon.
             The game lasted 00:13:37 (8639 turns).

lordive the Destroyer (Gargoyle Conjurer)           Turns: 8639, Time: 00:13:37

Health: -1/52      AC: 13    Str: 10    XL:     9   Next: 53%
Magic:  3/17       EV: 12    Int: 24    God:    Vehumet [......]
Gold:   357        SH:  0    Dex:  8    Spells: 13/19 levels left

rFire   . . .      SeeInvis .   w - +0 morningstar
rCold   . . .      Faith    .   (no shield)
rNeg    + . .      Spirit   .   a - +0 robe
rPois   ∞          Reflect  .   h - +0 helmet
rElec   +          Harm     .   (no cloak)
rCorr   +          Rampage  .   (no gloves)
Will    .....                   (no boots)
Stlth   ++........              (no amulet)
HPRegen 0.17/turn               v - ring of resist corrosion
MPRegen 0.15/turn               C - +4 ring of protection

@: no status effects
A: sickness immunity, AC +6, negative energy resistance 1, electricity
resistance, torment resistance 1, petrification resistance
a: Renounce Religion


You were on level 8 of the Dungeon.
You worshipped Vehumet.
Vehumet was noncommittal.
You visited 2 branches of the dungeon, and saw 9 of its levels.

You collected 357 gold pieces.

Inventory:

Hand Weapons
 w - a +0 morningstar (weapon)
Missiles
 p - 24 poisoned darts
Armour
 a - a +0 robe (worn)
 h - a +0 helmet (worn)
Jewellery
 i - an amulet of guardian spirit
 v - a ring of resist corrosion (left hand)
 C - a +4 ring of protection (right hand)
 E - an amulet of regeneration
Wands
 x - a wand of iceblast (7)
 y - a wand of polymorph (8)
Scrolls
 b - a scroll of summoning {unknown}
 e - 3 scrolls of teleportation {unknown}
 f - a scroll of fog {unknown}
 g - a scroll of enchant weapon {unknown}
 j - 6 scrolls of identify {unknown}
 k - 3 scrolls of blinking {unknown}
 q - 2 scrolls of magic mapping {unknown}
 s - 3 scrolls of immolation {unknown}
 t - a scroll of enchant armour {unknown}
 A - a scroll of brand weapon {unknown}
 B - a scroll of noise {unknown}
 H - a scroll of silence {unknown}
 I - a scroll of fear {unknown}
Potions
 c - a potion of invisibility {unknown}
 d - a potion of resistance {unknown}
 l - a potion of degeneration {unknown}
 m - 3 potions of curing {unknown}
 n - 2 potions of might {unknown}
 o - 2 potions of brilliance {unknown}
 r - a potion of berserk rage {unknown}
 u - 2 potions of heal wounds {unknown}
 z - 3 potions of cancellation {unknown}
 D - a potion of lignification {unknown}
 F - a potion of ambrosia {unknown}
 G - a potion of mutation {unknown}
 J - 2 potions of attraction {unknown}


   Skills:
 * Level 4.3 Fighting
 * Level 3.6 Armour
 * Level 3.7 Dodging
 + Level 4.1 Stealth
 + Level 5.8 Spellcasting
 + Level 9.9 Conjurations


You had 13 spell levels left.
You knew the following spells:

 Your Spells              Type           Power      Damage    Failure   Level
a - Magic Dart            Conj           100%       1d8       1%          1
b - Searing Ray           Conj           100%       2d8       1%          2
c - Mephitic Cloud        Conj/Pois/Air  22%        N/A       6%          3

Your spell library contained the following spells:

 Spells                   Type           Power      Damage    Failure   Level
 Dazzling Flash           Conj/Hex       60%        N/A       3%          3
 Iskenderun's Battlesphe  Conj           53%        2d10      3%          5
 Slow                     Hex            28%        N/A       9%          1
 Fulminant Prism          Conj/Hex       15%        3d11      11%         4
 Iskenderun's Mystic Bla  Conj/Tloc      30%        2d8       11%         4
 Call Imp                 Summ           7%         N/A       12%         2
 Call Canine Familiar     Summ           7%         N/A       24%         3
 Confusing Touch          Hex            7%         N/A       24%         3
 Portal Projectile        Hex/Tloc       14%        N/A       24%         3
 Vampiric Draining        Necr           7%         2d6       24%         3
 Fireball                 Conj/Fire      15%        3d8       28%         5
 Leda's Liquefaction      Hex/Erth       3%         N/A       63%         4
 Orb of Destruction       Conj           26%        9d9       75%         7
 Conjure Ball Lightning   Conj/Air       15%        3x3d6     85%         6
 Yara's Violent Unravell  Hex/Tmut       3%         3d4       92%         5
 Enfeeble                 Hex            3%         N/A       100%        7


Dungeon Overview and Level Annotations

Branches:
Dungeon (7/15)             Temple (1/1) D:6            Lair (0/6) D:8

Altars:
Ashenzari
Cheibriados
Dithmenos
Elyvilon
Fedhas
Gozag
Hepliaklqana
Makhleb
Nemelex Xobeh
Okawaru
Qazlal
Ru
Sif Muna
Trog
Uskayaw
Vehumet
Xom
Yredelemnul
Zin
The Shining One

Shops:
D:4 *

Annotations:
D:1 1 runed translucent door
D:4 1 runed translucent door, noodleboyJ's ghost, amateur DrCK


Innate Abilities, Weirdness & Mutations

You are immune to sickness and miasma.
Your stone body is resilient. (AC +6)
You are immune to poison.
You resist negative energy. (rN+)
You are resistant to electric shocks. (rElec)
You are resistant to unholy torment.
You are immune to petrification.


Message History

The komodo dragon is lightly wounded. (Press . to maintain the ray.)
A nearby plant withers and dies.
The searing ray hits the plant!
The plant is lightly damaged.
The searing ray hits the komodo dragon!
The komodo dragon is moderately wounded.
The searing ray hits the komodo dragon!
The komodo dragon is heavily wounded.
The searing ray hits the plant!
The plant begins to die.
The plant is lightly damaged.
The komodo dragon closely misses you.
The searing ray hits the komodo dragon!
The komodo dragon is severely wounded.
The searing ray hits the plant.
The plant is lightly damaged.
You finish channelling your searing ray.
The komodo dragon bites you but does no damage.
Casting: Searing Ray (safe; 1% risk of failure)
Confirm with . or Enter, or press ? or * to list all spells.
Aiming: Searing Ray (safe; 1% risk of failure)
Press: ? - help, Shift-Dir - straight line, f/p - komodo dragon
Aim: a komodo dragon (severely wounded, 87% to hit)
The searing ray hits the komodo dragon.
The komodo dragon is severely wounded.
The searing ray hits the plant.
The plant is lightly damaged. (Press . to maintain the ray.)
A nearby plant withers and dies.
The komodo dragon bites you!!
The searing ray hits the komodo dragon.
The komodo dragon is almost dead.
The searing ray hits the plant!
The plant is lightly damaged.
The komodo dragon bites you but does no damage.
The searing ray hits the komodo dragon.
The komodo dragon is almost dead.
The searing ray hits the plant!
The plant is moderately damaged.
A nearby plant withers and dies.
The komodo dragon bites you!!
You die... ########### ##PPPPPPP.P## ###.PPPPPP..PP#

...P.PPP..>.PP#
#......PPP...PPP#
#.......P....PPP#
#...#....)l.PPPP#
#...##.)..@.P..#
#...####.....### #(...#
##..### ####....# #.##
####.......####.#
...........##...#########
...........''...'.......#
............#...#######.#
............#...# #.#


You could see a komodo dragon.

Vanquished Creatures
  Sigmund (D:3)
  A wyvern (D:8)
  A water moccasin (D:5)
  An ice beast (D:7)
  A sky beast (D:6)
  An orc warrior (D:7)
  A black bear (D:6)
  2 ogres (D:5)
  A necrophage (D:6)
  A centaur (D:5)
  2 phantoms
  5 scorpions
  A water moccasin skeleton (D:6)
  A howler monkey (D:6)
  A centaur zombie (D:6)
  A jelly (D:6)
  A gnoll shaman (D:5)
  4 orc priests
  3 hounds
  Jessica (D:3)
  Natasha (thrice) (D:2)
  2 bullfrog skeletons (D:5)
  Ijyb (D:4)
  3 iguanas
  2 orc wizards
  A killer bee zombie (D:5)
  9 gnolls
  6 adders
  A shadow imp (D:8)
  A white imp (D:6)
  16 orcs
  3 ball pythons
  6 endoplasms
  5 giant cockroaches
  7 goblins
  8 hobgoblins
  8 kobolds
  3 quokkas
  4 bats
  4 frilled lizards
  4 rats
128 creatures vanquished.

Vanquished Creatures (others)
  8 plants (D:8)
8 creatures vanquished.

Grand Total: 136 creatures vanquished

Notes
Turn   | Place    | Note
-------+----------+-------------------------------------------
     0 | D:1      | lordive the Gargoyle Conjurer began the quest for the Orb.
     0 | D:1      | Reached XP level 1. HP: 10/10 MP: 3/3
     1 | D:1      | Found a runed translucent door.
   431 | D:1      | Reached XP level 2. HP: 10/15 MP: 0/5
   615 | D:1      | Reached skill level 5 in Conjurations
   618 | D:1      | Learned a level 2 spell: Searing Ray
   973 | D:1      | Reached XP level 3. HP: 19/19 MP: 3/6
  1243 | D:2      | Found a faded altar of an unknown god.
  1635 | D:2      | Noticed Natasha
  1639 | D:2      | Killed Natasha
  1640 | D:2      | Reached XP level 4. HP: 23/24 MP: 2/7
  1645 | D:2      | Noticed Natasha
  1657 | D:2      | Killed Natasha
  1989 | D:2      | Noticed Natasha
  1992 | D:2      | Reached skill level 6 in Conjurations
  2000 | D:2      | Killed Natasha
  2001 | D:2      | Reached XP level 5. HP: 19/28 MP: 1/8
  2643 | D:3      | Noticed Sigmund
  2649 | D:3      | Killed Sigmund
  2650 | D:3      | Reached skill level 7 in Conjurations
  2650 | D:3      | Reached XP level 6. HP: 29/32 MP: 0/10
  2745 | D:3      | Noticed Jessica
  2767 | D:3      | Killed Jessica
  3240 | D:4      | Found Cuahan's General Store.
  3371 | D:4      | Found a runed translucent door.
  3382 | D:4      | Noticed noodleboyJ's ghost (amateur DrCK)
  4056 | D:4      | Noticed Ijyb
  4087 | D:4      | Killed Ijyb
  4088 | D:4      | Reached XP level 7. HP: 37/37 MP: 7/11
  4295 | D:4      | Found a sacrificial altar of Ru.
  4380 | D:4      | Found a broken altar of Ashenzari.
  4677 | D:5      | Entered Level 5 of the Dungeon
  4753 | D:5      | Reached skill level 1 in Fighting
  4753 | D:5      | Reached skill level 8 in Conjurations
  4803 | D:5      | Learned a level 3 spell: Mephitic Cloud
  4858 | D:5      | Reached skill level 1 in Armour
  4858 | D:5      | Reached XP level 8. HP: 20/44 MP: 3/14
  6212 | D:5      | Found a shimmering altar of Xom.
  6256 | D:5      | Found a hazy altar of Hepliaklqana.
  6257 | D:5      | Noticed a spectral ugly thing
  6438 | D:6      | Reached skill level 9 in Conjurations
  6542 | D:6      | Found an iron altar of Okawaru.
  6608 | D:6      | Reached skill level 5 in Spellcasting
  6695 | D:6      | Found an opulent altar of Gozag.
  6754 | D:6      | Reached XP level 9. HP: 51/51 MP: 6/16
  7134 | D:6      | Found a stormy altar of Qazlal.
  7134 | D:6      | Found a blossoming altar of Fedhas.
  7140 | D:6      | Found a basalt altar of Yredelemnul.
  7142 | D:6      | Found a bloodstained altar of Trog.
  7144 | D:6      | Found a hide-covered altar of Uskayaw.
  7189 | D:6      | Found a staircase to the Ecumenical Temple.
  7353 | Temple   | Entered the Ecumenical Temple
  7541 | Temple   | Became a worshipper of Vehumet
  8264 | D:7      | You fall into a shaft and drop 1 floor!
  8623 | D:8      | Found a staircase to the Lair.
  8623 | D:8      | Noticed a komodo dragon
  8639 | D:8      | Slain by a komodo dragon

Illustrated notes

Levels and vault maps discovered:
D:1:      dpeg_arrival_caged_fury, layout_basic, minmay_split_cup_small
D:2:      layout_basic, chequers_ecumenical_altar_simple_redux,
          kennysheep_boxes, uniq_natasha
D:3:      layout_basic, uniq_sigmund, uniq_jessica
D:4:      minmay_general_purpose_star, layout_basic,
          mainiacjoe_overflow_alcove_2, lemuel_tele_altar, serial_shops,
          nicolae_shop_behind_doors, ebering_ghost_reflecting_pool, uniq_ijyb
D:5:      layout_loops_ring, regret_index_temple_of_mockery, chequers_jeans
D:6:      layout_gridville, mainiacjoe_overflow_alcove_1,
          okawaru_ov_weapons_minmay, chequers_temple_overflow_minitemple,
          temple_hall
D:7:      layout_loops_ring, kiku_gazebo_pond_becter, uniq_prince_ribbit1
D:8:      layout_basic, david_lair_shrubbed, serial_glass, glass_columns_c,
          glass_columns_a, glass_columns_b, glass_columns_c
Temple:   jpeg_temple_island

Skill      XL: |  1  2  3  4  5  6  7  8  9 |
---------------+----------------------------+-----
Conjurations   | 5 6 7 8 9 |  9.9
Dodging        | 2 3 |  3.7
Stealth        | 3 4 |  4.1
Spellcasting   | 3 4 5 |  5.8
Fighting       | 1 3 4 |  4.3
Armour         | 1 3 |  3.6

Action                   |  1- 3 |  4- 6 |  7- 9 || total
-------------------------+-------+-------+-------++-------
Melee: Unarmed           |     8 |     2 |       ||    10
       Morningstar       |       |    18 |       ||    18
 Cast: Magic Dart        |    49 |    54 |   126 ||   229
       Searing Ray       |       |     9 |    41 ||    50
Armor: Robe              |     5 |    11 |    19 ||    35
Dodge: Dodged            |    13 |    24 |    34 ||    71

Table legend: (Time is in decaauts)
 A = Elapsed time spent in this place.
 B = Non-inter-level travel time spent in this place.
 C = Inter-level travel time spent in this place.
 D = Time resting spent in this place.
 E = Time spent auto-exploring this place.
 F = Levels seen in this place.
 G = Mean time per level.
                   A        B        C        D        E       F      G
               +--------+--------+--------+--------+--------+-----+--------+
         Total |   8713 |   8484 |    229 |    426 |   7055 |   9 |  968.1 |
       Dungeon |   8427 |   8243 |    184 |    426 |   6821 |   8 | 1053.4 |
        Temple |    285 |    240 |     45 |      0 |    234 |   1 |  285.0 |
               +--------+--------+--------+--------+--------+-----+--------+

Top non-repeatable levels by time:
     D:5: 1678 daAuts
     D:4: 1520 daAuts
     D:6: 1331 daAuts
     D:1: 1235 daAuts
     D:2: 1093 daAuts
     D:3: 863 daAuts
     D:8: 374 daAuts
     D:7: 329 daAuts
  Temple: 285 daAuts
